 Dungeon Crawl Stone Soup version 0.27-a0-13-g87abb2d9eb (webtiles) character file.

Game seed: 16590078535511632094

354 sahdkjhfkaj the Skirmisher (level 6, -4/45 HPs)
             Began as an Octopode Warper on Jan 2, 2021.
             Was an Initiate of Gozag.
             Killed by divine providence
             ... invoked by an orc priest
              (13 damage)
             ... on level 4 of the Dungeon.
             The game lasted 00:05:56 (4901 turns).

sahdkjhfkaj the Skirmisher (Octopode Warper)        Turns: 4901, Time: 00:05:56

Health: -4/45      AC:  1    Str: 11    XL:     6   Next: 63%
Magic:  7/11       EV: 28    Int: 17    God:    Gozag
Gold:   217        SH:  0    Dex: 11    Spells: 3/12 levels left

rFire    . . .     SeeInvis .   a - +0 spear
rCold    . . .     Faith    .   (no shield)
rNeg     . . .     Spirit   .   (helmet restricted)
rPois    .         Reflect  .   k - amulet of the acrobat
rElec    .         Harm     .   (no ring)
rCorr    .         Rampage  .   (no ring)
Will     .....                  (no ring)
Stlth    ++........             (no ring)
HPRegen  0.15/turn              (no ring)
MPRegen  0.12/turn              (no ring)
                                (no ring)
                                (no ring)

@: acrobat, very slightly contaminated
A: almost no armour, stealthy swim, amphibious, 8 rings, constrict 8, camouflage
1, gelatinous body 1
a: Renounce Religion, Potion Petition, Call Merchant, Bribe Branch


You were on level 4 of the Dungeon.
You worshipped Gozag.
Gozag was aware of your devotion.
You visited 1 branch of the dungeon, and saw 4 of its levels.

You collected 267 gold pieces.
You paid 50 gold pieces to Gozag.

Inventory:

Hand Weapons
 a - a +0 spear (weapon)
Missiles
 d - 5 boomerangs of dispersal (quivered)
 r - 9 boomerangs
Jewellery
 k - an amulet of the acrobat (around mantle)
 o - an uncursed ring of resist corrosion
 t - an uncursed ring of protection from fire {unknown}
Scrolls
 c - a scroll of blinking
 e - 2 scrolls of teleportation {!r}
 f - 2 scrolls of identify
 g - a scroll of immolation
 i - 4 scrolls of remove curse
 p - 2 scrolls of fear
 s - 2 scrolls of magic mapping {unknown}
 v - a scroll of amnesia {unknown}
Potions
 b - a potion of mutation
 h - 2 potions of attraction {unknown}
 j - a potion of resistance
 l - a potion of might
 m - 2 potions of heal wounds {unknown}
 n - 2 potions of curing
 q - a potion of degeneration {unknown}
 u - 2 potions of lignification {unknown}


   Skills:
 - Level 5.0 Fighting
 - Level 2.0 Polearms
 - Level 1.0 Throwing
 - Level 2.3 Dodging
 + Level 3.5 Spellcasting
 + Level 4.4 Translocations


You had 3 spell levels left.
You knew the following spells:

 Your Spells              Type           Power        Failure   Level
a - Teleport Other        Tloc           18%          9%          3
B - Blink                 Tloc           N/A          4%          2
D - Passage of Golubria   Tloc           N/A          26%         4

Your spell library contained the following spells:

 Spells                   Type           Power        Failure   Level
 Gell's Gravitas          Tloc           9%           9%          3
 Lesser Beckoning         Tloc           9%           9%          3
 Magic Dart               Conj           8%           17%         1
 Call Imp                 Summ           2%           26%         2
 Slow                     Hex            2%           26%         2
 Conjure Flame            Conj/Fire      2%           45%         3
 Mephitic Cloud           Conj/Pois/Air  2%           45%         3


Dungeon Overview and Level Annotations

Branches:
Dungeon (4/15)             Temple (0/1) D:4

Altars:
Gozag
Makhleb
Sif Muna
Zin
The Shining One
Beogh

Shops:
D:4 (

Annotations:
D:4 3 runed translucent doors, TwistedFlax's ghost, novice TrMo; rgaf's ghost, novice TeSu; sokol815's ghost, amateur OpEn


Innate Abilities, Weirdness & Mutations

You cannot wear most types of armour.
You are very stealthy in the water. (Stealth+)
You are amphibious.
You can wear up to eight rings at the same time.
You can use your tentacles to constrict eight enemies at once.
Your skin changes colour to match your surroundings (Stealth+).
Your rubbery body absorbs attacks. (AC +1, EV +1)


Message History

The orc priest hits you with a +0 hand axe!
The orc hits you with a +0 club.
* * * LOW HITPOINT WARNING * * *
The orc priest hits you.
* * * LOW HITPOINT WARNING * * *
Unknown command.
Casting: Passage of Golubria (quite dangerous; 26% risk of failure)
Confirm with . or Enter, or press ? or * to list all spells.
The spell is quite dangerous to cast (26% risk of failure)!
Continue anyway?
Aiming: Passage of Golubria (quite dangerous; 26% risk of failure)
Press: ? - help, Dir - move target, f - you
Okay, then.
Blink to where?
Press: ? - help, Dir - move target You lose your grip on something.
As you read the scroll of blinking, it crumbles to dust.
The orc priest invokes the aid of Beogh against you.
Beogh smites you!
You die...
Your body crumbles into a pile of gold.

###########.....#.# #.##..#(####
##########........###.##..#....##
#.........................#..#..#
#.########........######.#...#...
#.## ##.....#.# #....###.. ...#
######...#..# ##......... #..#
#.......##.## #...#.....#
#..####.########.# #.###..>..#
#....##.# #@# #...#.....#
##.#.##.# #.# ##.........
#.#.##.# #.# #....###.. #.#.##.#
#.# #.....#... ##.#.##.# ###.#
####..#..# ......#.# #.o.#
##....# ##......# ####.#.# #.#..#
#......###.##o### #######...##
##.........##o.o# #.......###


You could see an orc priest.

Vanquished Creatures
  A hound (D:4)
  Crazy Yiuf (D:3)
  An orc priest (D:3)
  Terence (D:3)
  Jessica (D:3)
  A centaur skeleton (D:4)
  Natasha (D:2)
  2 worker ants (D:4)
  Robin (D:2)
  4 adders (D:2)
  2 oozes
  A worm (D:2)
  A dart slug (D:3)
  2 leopard geckos
  2 orcs (D:3)
  3 giant cockroaches
  8 goblins
  9 hobgoblins
  3 jackals (D:1)
  5 kobolds
  5 bats
  A jackal skeleton (D:4)
  6 rats
62 creatures vanquished.

Vanquished Creatures (others)
  5 plants (D:2)
  4 withered plants (D:4)
9 creatures vanquished.

Grand Total: 71 creatures vanquished

Notes
Turn   | Place    | Note
-------+----------+-------------------------------------------
     0 | D:1      | sahdkjhfkaj the Octopode Warper began the quest for the
                  | Orb.
     0 | D:1      | Reached XP level 1. HP: 14/14 MP: 3/3
   160 | D:1      | You fall into a shaft and drop 1 floor!
   181 | D:2      | Reached skill level 3 in Fighting
   181 | D:2      | Reached XP level 2. HP: 12/21 MP: 5/5
   370 | D:2      | Learned a level 2 spell: Blink
   599 | D:1      | Reached XP level 3. HP: 26/26 MP: 6/6
  1042 | D:2      | Found a glowing golden altar of the Shining One.
  1274 | D:2      | Reached skill level 4 in Fighting
  1305 | D:2      | Noticed Natasha
  1315 | D:2      | Killed Natasha
  1316 | D:2      | Reached XP level 4. HP: 11/34 MP: 7/7
  1550 | D:2      | Noticed Robin
  2049 | D:2      | Found a burning altar of Makhleb.
  2201 | D:2      | Killed Robin
  2342 | D:2      | Reached skill level 5 in Fighting
  2343 | D:2      | Reached XP level 5. HP: 28/39 MP: 8/8
  2348 | D:2      | Learned a level 4 spell: Passage of Golubria
  2460 | D:3      | Noticed Terence
  2476 | D:3      | Killed Terence
  3259 | D:3      | Found an opulent altar of Gozag.
  3260 | D:3      | Found a glowing silver altar of Zin.
  3264 | D:3      | Became a worshipper of Gozag Ym Sagoz the Greedy
  3290 | D:3      | Noticed Jessica
  3300 | D:3      | Killed Jessica
  3314 | D:3      | Found a shimmering blue altar of Sif Muna.
  3384 | D:3      | Found a runed translucent door.
  3385 | D:3      | Noticed Crazy Yiuf
  3506 | D:3      | Killed Crazy Yiuf
  3507 | D:3      | Reached XP level 6. HP: 6/45 MP: 10/10
  3811 | D:3      | Learned a level 3 spell: Teleport Other
  4194 | D:4      | Found a staircase to the Ecumenical Temple.
  4202 | D:4      | Noticed an ice beast
  4245 | D:4      | HP: 2/45 [ice beast (11)]
  4464 | D:4      | Found a runed translucent gate.
  4464 | D:4      | Found a runed translucent gate.
  4464 | D:4      | Noticed sokol815's ghost (amateur OpEn)
  4464 | D:4      | Noticed TwistedFlax's ghost (novice TrMo)
  4464 | D:4      | Noticed rgaf's ghost (novice TeSu)
  4465 | D:4      | Found a runed translucent gate.
  4544 | D:4      | Found Ceocsog's Antique Weapon Shoppe.
  4894 | D:4      | Found a roughly hewn altar of Beogh.
  4901 | D:4      | Killed from afar by an orc priest

Illustrated notes

Levels and vault maps discovered:
D:1:      beargit_arrival_greenhouse, layout_rooms
D:2:      layout_loops_corners, lightli_temple_of_fire,
          lemuel_coloured_pillars_altar, serial_bayou_ford_a, uniq_robin,
          uniq_natasha
D:3:      layout_loops_cross, grunt_temple_overflow_gold_and_silver, tgw_sif,
          minivault_27, uniq_jessica, uniq_terence, uniq_crazy_yiuf_cottage
D:4:      layout_loops_ring, minmay_temple_entry_tees, gammafunk_ghost_cemetery,
          serial_shops, shop, kennysheep_orc_chapel

Skill      XL: |  1  2  3  4  5  6 |
---------------+-------------------+-----
Fighting       | 3 4 5 |  5.0
Spellcasting   | 3 |  3.5
Translocations | 4 |  4.4
Polearms       | |  2.0
Throwing       | |  1.0
Dodging        | |  2.3

Action                   |  1- 3 |  4- 6 || total
-------------------------+-------+-------++-------
Melee: Spear             |    73 |   155 ||   228
       Constrict         |    15 |    38 ||    53
       Tentacles         |     5 |    24 ||    29
 Cast: Teleport Other    |       |     1 ||     1
  Use: Scroll            |     7 |     3 ||    10
       Potion            |       |     1 ||     1
 Stab: Sleeping          |     4 |     8 ||    12
Armor: Skin              |     4 |     6 ||    10
Dodge: Dodged            |    40 |    78 ||   118

Table legend: (Time is in decaauts)
 A = Elapsed time spent in this place.
 B = Non-inter-level travel time spent in this place.
 C = Inter-level travel time spent in this place.
 D = Time resting spent in this place.
 E = Time spent auto-exploring this place.
 F = Levels seen in this place.
 G = Mean time per level.
                   A        B        C        D        E       F      G
               +--------+--------+--------+--------+--------+-----+--------+
         Total |   4902 |   4843 |     59 |    176 |   3994 |   4 | 1225.5 |
       Dungeon |   4902 |   4843 |     59 |    176 |   3994 |   4 | 1225.5 |
               +--------+--------+--------+--------+--------+-----+--------+

Top non-repeatable levels by time:
     D:2: 1784 daAuts
     D:3: 1407 daAuts
     D:4: 1072 daAuts
     D:1: 637 daAuts
